 Dungeon Crawl Stone Soup version 0.19-a0-1932-g59670f6 (webtiles) character file.

271 varam the Ruffian (level 6, -1/59 HPs)
             Began as a Troll Monk on Oct 25, 2016.
             Killed by nerve-wracking pain
             ... invoked by an orc priest
              (14 damage)
             ... on level 4 of the Dungeon.
             The game lasted 00:04:02 (1902 turns).

varam the Ruffian (Troll Monk)                      Turns: 1902, Time: 00:04:03

Health: -1/59      AC:  5    Str: 20    XL:     6   Next: 2%
Magic:  5/5        EV: 10    Int:  6    God:
Gold:   129        SH:  0    Dex: 14    Spells: 0 memorised, 5 levels left

rFire  . . .     SeeInvis .       - Unarmed
rCold  . . .     Gourm    +     a - +0 robe
rNeg   . . .     Faith    .     (no shield)
rPois  .         Spirit   .     (helmet restricted)
rElec  .         Reflect  .     (no cloak)
rCorr  .         Harm     .     (gloves unavailable)
MR     .....                    (boots unavailable)
Stlth  ++........               (no amulet)
                                (no ring)
                                (no ring)

@: no status effects
A: unfitting armour, claws 3, fast metabolism 3, gourmand, regeneration 1,
shaggy fur 1, tough skin 2
a: no special abilities


You were on level 4 of the Dungeon.
You were not hungry.

You visited 1 branch of the dungeon, and saw 7 of its levels.

You collected 129 gold pieces.

Inventory:

Hand Weapons
 t - a +2 whip of electrocution
Missiles
 l - 5 large rocks (quivered)
 x - 6 tomahawks
Armour
 a - a +0 robe (worn)
Scrolls
 e - 3 scrolls of identify {unknown}
 i - a scroll of enchant weapon {unknown}
 k - a scroll of remove curse {unknown}
 o - a scroll of amnesia {unknown}
 p - 3 scrolls of fear {unknown}
 r - a scroll of random uselessness {unknown}
 u - a scroll of immolation {unknown}
 v - a scroll of noise {unknown}
Potions
 c - a potion of cure mutation {unknown}
 d - a potion of invisibility {unknown}
 g - 3 potions of degeneration {unknown}
 h - a potion of curing {unknown}
 m - a potion of experience {unknown}
 n - a potion of lignification {unknown}
Books
 s - a book of Cantrips

   Spells                             Type                      Level
   a - Confusing Touch                Hexes                        1
   b - Animate Skeleton               Necromancy                   1
   c - Summon Small Mammal            Summoning                    1
   d - Apportation                    Translocation                1
Comestibles
 b - 4 bread rations
 f - 2 slices of pizza
 j - a meat ration
 q - 2 beef jerkies


   Skills:
 - Level 2.4 Fighting
 - Level 2.4 Dodging
 - Level 1.0 Stealth
 + Level 6.8 Unarmed Combat


You had 5 spell levels left.
You didn't know any spells.

Dungeon Overview and Level Annotations

Branches:
Dungeon (7/15)
 Temple: D:4-7

Altars:
Fedhas


Innate Abilities, Weirdness & Mutations

You are too large for most types of armour.
You have claws for hands.
Your metabolism is lightning-fast.
You like to eat raw meat.
Your natural rate of healing is unusually fast.
You are covered in fur. (AC +1)
You have very tough skin. (AC +2)


Message History

The orc priest is almost dead.
The orc priest hits you with a short sword.
The orc closely misses you.
The orc priest moves out of view.
You closely miss the orc priest.
The orc priest is almost dead.
The orc priest curses to no one in particular.
The orc priest hits you with a short sword.
The orc closely misses you.
You scratch the orc priest.
You kill the orc priest!
You have reached level 6!
Your experience leads to an increase in your attributes!
Increase (S)trength, (I)ntelligence, or (D)exterity?
You feel agile.
You feel stronger.
The orc priest calls down the wrath of Beogh upon you.
Beogh smites you!
* * * LOW HITPOINT WARNING * * *
The orc priest mumbles some strange prayers to Beogh against you.
Pain shoots through your body!
You die...

. #.. .#... .....
###.... ... ......
....##..##o##
........# ..# .....
#o# #.# ...$.##o#
#@# ........# #o#
......o.# #o#
......oo###)# ###
..........#.# ....
....##.....>#.....
..................#
#######...........#
##
####.....########


You could see an orc priest and 2 orcs.

Vanquished Creatures
  A scorpion (D:5)
  A crimson imp (D:6)
  An orc priest (D:4)
  A worker ant (D:4)
  4 gnolls (D:6)
  4 adders
  An ooze (D:1)
  2 dart slugs
  2 worms (D:2)
  A leopard gecko (D:6)
  3 orcs (D:4)
  8 bats
  2 giant cockroaches
  4 goblins (D:1)
  4 hobgoblins
  9 kobolds
  A quokka (D:3)
  A ball python (D:2)
  A frilled lizard (D:3)
  3 rats (D:1)
  A plant (D:3)
55 creatures vanquished.

Vanquished Creatures (others)
  3 fungi (D:3)
  A plant (D:3)
4 creatures vanquished.

Grand Total: 59 creatures vanquished

Notes
Turn   | Place    | Note
-------+----------+-------------------------------------------
     0 | D:1      | varam the Troll Monk began the quest for the Orb.
     0 | D:1      | Reached XP level 1. HP: 22/22 MP: 0/0
   175 | D:1      | Reached XP level 2. HP: 27/29 MP: 1/1
   374 | D:1      | Reached skill level 4 in Unarmed Combat
   611 | D:2      | Reached XP level 3. HP: 36/36 MP: 2/2
   862 | D:2      | Reached XP level 4. HP: 19/44 MP: 3/3
   913 | D:2      | Reached skill level 5 in Unarmed Combat
   926 | D:2      | Found a blossoming altar of Fedhas.
  1233 | D:3      | Found a blossoming altar of Fedhas.
  1485 | D:5      | Entered Level 5 of the Dungeon
  1514 | D:5      | Reached skill level 6 in Unarmed Combat
  1514 | D:5      | Reached XP level 5. HP: 40/50 MP: 4/4
  1746 | D:7      | Noticed an orc warrior
  1901 | D:4      | Reached XP level 6. HP: 23/59 MP: 5/5
  1902 | D:4      | Killed from afar by an orc priest

Vault maps used:
D:1:      dpeg_arrival_triangle_fractal, minmay_misc_feat_rugged
D:2:      lemuel_coloured_pillars_altar, minivault_23, minmay_misc_feat_plants
D:3:      fedhas_altar_3
D:4:      lemuel_doored_altar, first_bread
D:5:      kennysheep_little_box
D:7:      serial_shops, nicolae_shop_temple_entry_statues_fountains,
          uniq_duvessa

Skill      XL: |  1  2  3  4 |
---------------+-------------+-----
Unarmed Combat | 4 6 |  6.8
Fighting       | |  2.4
Dodging        | |  2.4
Stealth        | |  1.0

Action                   |  1- 3 |  4- 6 || total
-------------------------+-------+-------++-------
Melee: Unarmed           |    66 |    76 ||   142
       Punch             |     1 |     1 ||     2
       Whip              |       |    14 ||    14
 Stab: Sleeping          |     3 |       ||     3
  Eat: Chunk             |     7 |     8 ||    15
Armor: Robe              |    18 |    16 ||    34
Dodge: Dodged            |    25 |    24 ||    49
